 Dungeon Crawl Stone Soup version 0.29.1-1-gd02db6906a (webtiles) character file.

Game seed: 5469124922510621780

271 tizbic2 the Trooper (level 6, -1/53 HPs)
             Began as a Draconian Fighter on Sept 23, 2022.
             Was a Follower of Dithmenos.
             Slain by a gnoll
             ... wielding a +0 club
              (2 damage)
             ... on level 3 of the Dungeon.
             The game lasted 00:12:13 (2516 turns).

tizbic2 the Trooper (Draconian Fighter)             Turns: 2516, Time: 00:12:14

Health: -1/53      AC:  9    Str: 20    XL:     6   Next: 2%
Magic:  6/6        EV: 12    Int:  8    God:    Dithmenos [*.....]
Gold:   167        SH:  4    Dex: 11    Spells: 5/5 levels left

rFire   . . .      SeeInvis .   a - +0 trident
rCold   . . .      Faith    .   b - +0 buckler
rNeg    + . .      Spirit   .   (body armour unavailable)
rPois   .          Reflect  .   (helmet restricted)
rElec   .          Harm     .   q - +0 cloak
rCorr   .          Rampage  .   e - +0 pair of gloves
Will    .....                   i - +0 pair of boots
Stlth   +.........              (no amulet)
HPRegen 0.17/turn               k - ring of positive energy
MPRegen 0.10/turn               (no ring)

@: lethally poisoned (-1 -> -10), wreathed by umbra
A: AC +6, unfitting armour, cold-blooded
a: Renounce Religion


You were on level 3 of the Dungeon.
You worshipped Dithmenos.
Dithmenos was aware of your devotion.
You visited 1 branch of the dungeon, and saw 3 of its levels.

You collected 167 gold pieces.

Inventory:

Hand Weapons
 a - a +0 trident (weapon)
Missiles
 h - 4 curare-tipped darts (quivered)
 l - 29 stones
Armour
 b - a +0 buckler (worn)
 e - a +0 pair of gloves (worn)
 i - a +0 pair of boots (worn)
 q - a +0 cloak (worn)
Jewellery
 k - a ring of positive energy (left hand)
 t - a ring of protection from fire
Scrolls
 j - a scroll of fog
 m - 2 scrolls of amnesia
 n - a scroll of torment
Potions
 c - a potion of might
 d - a potion of invisibility
 f - a potion of brilliance
 g - a potion of mutation {unknown}
 o - a potion of cancellation
 p - a potion of magic {unknown}
 r - a potion of flight {unknown}
 s - a potion of berserk rage {unknown}


   Skills:
 + Level 4.4 Fighting
 * Level 4.2 Polearms
 + Level 3.6 Dodging
 + Level 4.0 Shields


You had 5 spell levels left.
You didn't know any spells.
Your spell library contained the following spells:

 Spells                   Type           Power      Damage    Failure   Level
 Magic Dart               Conj           0%         1d3       50%         1
 Searing Ray              Conj           0%         2d4       63%         2
 Conjure Flame            Conj/Fire      0%         6-21      86%         3
 Ignite Poison            Fire/Tmut/Pois 0%         N/A       86%         3
 Ozocubu's Armour         Ice            0%         N/A       86%         3
 Fulminant Prism          Conj/Hex       0%         3d6       99%         4
 Passage of Golubria      Tloc           0%         N/A       99%         4
 Sticky Flame             Conj/Fire      0%         2d3       99%         4
 Metabolic Englaciation   Hex/Ice        0%         N/A       100%        5
 Silence                  Hex/Air        0%         N/A       100%        5
 Simulacrum               Ice/Necr       0%         N/A       100%        6
 Lehudib's Crystal Spear  Conj/Erth      0%         10d2      100%        8


Dungeon Overview and Level Annotations

Branches:
Dungeon (3/15)

Altars:
Dithmenos
Yredelemnul

Shops:
D:2 [

Annotations:
D:3 1 transporter, RogueRain17's ghost, amateur DsGl


Innate Abilities, Weirdness & Mutations

Your plain brown scales are hard. (AC +6)
You cannot fit into any form of body armour.
You are cold-blooded and may be slowed by cold attacks.


Message History

The gnoll hits you but does no damage.
You hit the gnoll.
You tail-slap the gnoll, but do no damage.
The gnoll is moderately wounded.
The gnoll closely misses you. You block the gnoll's attack.
You hit the gnoll. You tail-slap the gnoll.
You kill the gnoll!
Dithmenos accepts your kill.
The gnoll hits you from afar with a +2 spear of electrocution.
You are electrocuted!!
You have reached level 6!
Your scales feel tougher.
You block the gnoll's attack.
Things that are here:
a +0 spear; a ring of protection from fire; 22 gold pieces
t - a ring of protection from fire You now have 167 gold pieces (gained 22).
The gnoll hits you but does no damage. You block the gnoll's attack.
The gnoll throws a throwing net.
The throwing net barely misses you. The gnoll closely misses you.
You hit the gnoll.
The gnoll is lightly wounded.
You block the gnoll's attack.
You hit the gnoll.
The gnoll is heavily wounded.
The gnoll hits you from afar with a +2 spear of electrocution!
You are electrocuted!
* * * LOW HITPOINT WARNING * * *
The gnoll hits you with a +2 halberd of venom!
* * * LOW HITPOINT WARNING * * *
You are lethally poisoned!
You closely miss the gnoll.
The gnoll is heavily wounded.
* * * LOW HITPOINT WARNING * * *
You feel very sick.
The gnoll hits you from afar with a +2 spear of electrocution.
* * * LOW HITPOINT WARNING * * *
You block the gnoll's attack. The gnoll hits you with a +0 club.
You die...

#............................
#..≈≈≈≈≈≈≈≈≈≈≈≈~≈≈≈≈≈≈≈≈≈≈≈≈.
#..≈≈≈≈≈≈≈≈≈≈≈≈~≈≈≈≈≈≈≈≈≈≈≈≈.
#..≈≈#####...........#####≈≈.
#..≈≈#.#.#.###.©.###.#g#g#≈≈.
#..≈≈#...###©#####.###...#≈≈.
#..≈≈###.......g.....gg###≈≈.
##.≈≈.8#.##g###g######.#8.≈≈.
#.≈≈.##.#..@#..8# #g##.≈≈.
#.~~.#..'...gg©⌠# '.W#.~~.
#.≈≈.##W#...#g.8# .# ##.≈≈.
#.≈≈.8#.##'###'######.#8.≈≈.
#.≈≈###........(......###≈≈.
#.≈≈#...###.#####.###..g#≈≈.
#.≈≈#.#.#.###.©.###.#.#.#≈≈.
#.≈≈#####...........#####≈≈.
#.≈≈≈≈≈≈≈≈≈≈≈...≈≈≈≈≈≈≈≈≈≈≈.


You could see RogueRain17's ghost and 4 gnolls.

Vanquished Creatures
  An ogre (D:3)
  Natasha (thrice) (D:2)
  A scorpion zombie (D:3)
  A howler monkey zombie (D:3)
  A gnoll (D:3)
  A worm (D:2)
  A dart slug (D:2)
  4 orcs (D:3)
  4 ball pythons
  6 bats
  4 endoplasms
  A giant cockroach (D:3)
  4 hobgoblins
  2 jackals (D:2)
  3 kobolds
  3 quokkas (D:1)
  A ball python zombie (D:3)
  3 frilled lizards
  9 goblins
  8 rats
61 creatures vanquished.

Vanquished Creatures (others)
  6 plants (D:3)
6 creatures vanquished.

Grand Total: 67 creatures vanquished

Notes
Turn   | Place    | Note
-------+----------+-------------------------------------------
     0 | D:1      | tizbic2 the Draconian Fighter began the quest for the Orb.
     0 | D:1      | Reached XP level 1. HP: 19/19 MP: 1/1
   122 | D:1      | Reached XP level 2. HP: 14/26 MP: 2/2
   915 | D:2      | Reached XP level 3. HP: 14/31 MP: 3/3
  1195 | D:2      | Noticed Natasha
  1208 | D:2      | Killed Natasha
  1350 | D:2      | Found Fitaxig's Armour Shop.
  1482 | D:2      | Reached XP level 4. HP: 40/40 MP: 4/4
  1482 | D:2      | Noticed Natasha
  1491 | D:2      | Killed Natasha
  1539 | D:2      | Noticed Natasha
  1551 | D:2      | Killed Natasha
  1894 | D:3      | Noticed an ogre
  1906 | D:3      | Killed an ogre
  1907 | D:3      | Reached XP level 5. HP: 40/46 MP: 5/5
  1934 | D:3      | Found a transporter.
  2000 | D:3      | Found a faded altar of an unknown god.
  2015 | D:3      | Found a basalt altar of Yredelemnul.
  2245 | D:3      | Prayed at the altar of an unknown god.
  2245 | D:3      | Became a worshipper of Dithmenos the Shadowed
  2245 | D:3      | Reached * piety under Dithmenos
  2413 | D:3      | Noticed RogueRain17's ghost (amateur DsGl)
  2450 | D:3      | Found a transporter.
  2510 | D:3      | Reached XP level 6. HP: 32/53 MP: 6/6
  2516 | D:3      | HP: 2/53 [poisoned by a gnoll]
  2516 | D:3      | Slain by a gnoll

Illustrated notes

Levels and vault maps discovered:
D:1:      wheals_arrival_shading, layout_loops_ring
D:2:      layout_rooms, serial_shops, shop, serial_glass, glass_columns_a,
          glass_columns_b, due_unseen_surprise, feat_on_display,
          item_on_display_a, feat_on_display, kennysheep_big_empty_room,
          uniq_natasha
D:3:      layout_rooms, nicolae_yredelemnul_corpse_copse,
          gammafunk_ghost_gnarly_gnolls, hellmonk_ecumenical_altar_lost_god

Skill      XL: |  1  2  3  4  5 |
---------------+----------------+-----
Dodging        | 3 |  3.6
Polearms       | 3 4 |  4.2
Fighting       | 4 |  4.4
Shields        | 4 |  4.0

Action                   |  1- 3 |  4- 6 || total
-------------------------+-------+-------++-------
Melee: Trident           |   114 |    89 ||   203
       Tailslap          |    13 |    10 ||    23
Throw: Dart              |     1 |     7 ||     8
  Use: Scroll            |     3 |     5 ||     8
 Stab: Sleeping          |     3 |       ||     3
Armor: Skin              |    38 |    20 ||    58
Dodge: Dodged            |    64 |    40 ||   104
Block: Buckler           |    25 |    21 ||    46
